Map: Ruins of Seras

Players

Vazab - Winner!

  • Race: Terran Terran
  • League: Gold

capac

  • Race: Terran Terran
  • League: Gold

VOD

Have the link to the VOD?

Description

Time

  • Played on: Feb. 25, 2016, 3:57 p.m.
  • Length: 17:19
Show
View Real Time Build Order
Export as new Build Order

Vazab Terran - Winner!

Build Orders:  

Get SALT Encoding   

  12  0:00  SCV  
  13  0:13  SCV  
  14  0:18  Supply Depot  
  14  0:25  SCV  
  15  0:39  SCV  
  15  0:41  Barracks  
  16  0:46  Refinery  
  16  0:52  SCV  
  17  1:04  SCV  
  18  1:16  SCV  
  19  1:28  Orbital Command  
  19  1:33  Barracks Reactor  
  19  1:48  Command Center  
  19  1:55  SCV  
  20  2:03  Supply Depot  
  20  2:12  Factory  
  20  2:14  SCV  
  21  2:19  Marine x2  
  23  2:27  SCV  
  23  2:29  Refinery  
  24  2:43  Marine x2  
  26  2:47  SCV  
  27  2:52  Bunker  
  27  3:02  Marine x2  
  27  3:05  Widow Mine  
  29  3:07  Starport  
  31  3:16  SCV  
  32  3:22  Marine  
  32  3:23  Marine  
  34  3:31  Supply Depot, Orbital Command  
  34  3:39  SCV  
  35  3:42  Widow Mine  
  35  3:48  Medivac  
  39  3:53  SCV  
  40  3:57  Supply Depot  
  40  4:02  Marine x2  
  40  4:09  SCV x2  
  44  4:24  Marine x2  
  46  4:32  SCV x2  
  48  4:39  Supply Depot  
  48  4:40  Supply Depot  
  48  4:43  Engineering Bay  
  48  4:44  SCV  
  48  4:45  SCV  
  50  4:46  Liberator  
  50  4:48  Widow Mine, Engineering Bay  
  52  4:57  SCV x2  
  57  5:09  SCV  
  55  5:28  Widow Mine, SCV x2  
  57  5:41  SCV x2  
  59  5:44  Refinery  
  59  5:46  Refinery  
  59  5:47  Supply Depot  
  59  5:48  Supply Depot  
  59  5:53  Terran Infantry Weapons Level 1, Terran Infantry Armor Level 1  
  59  5:55  Starport Reactor  
  59  6:01  Barracks  
  59  6:03  Barracks  
  59  6:11  Marine x2  
  59  6:12  Factory Tech Lab  
  56  6:28  SCV x2  
  56  6:32  Command Center  
  58  6:36  Siege Tank  
  58  6:37  Medivac x2  
  65  6:43  Armory  
  65  6:44  Missile Turret  
  65  6:48  Marine x2  
  65  6:50  Barracks Reactor  
  65  6:52  Barracks Tech Lab  
  67  6:57  SCV x2  
  69  7:10  Siege Tank  
  69  7:11  Medivac x2  
  76  7:26  Marine x3  
  76  7:27  Marine  
  76  7:28  Marauder  
  76  7:29  Stimpack  
  74  7:42  Viking  
  76  7:49  Marauder  
  77  7:53  SCV  
  77  7:54  Orbital Command, SCV  
  63  8:21  Orbital Command  
  62  8:35  Marine x4  
  62  8:36  Marauder  
  66  8:49  SCV x2  
  66  8:50  SCV  
  66  8:58  Marauder  
  65  9:05  Viking  
  67  9:11  SCV x2  
  67  9:13  SCV  
  70  9:19  Marauder  
  70  9:23  Terran Infantry Weapons Level 2, SCV x2  
  74  9:24  Terran Infantry Armor Level 2  
  74  9:25  SCV  
  74  9:35  SCV  
  74  9:36  SCV  
  74  9:38  SCV  
  75  9:48  Marine x5, SCV x2  
  75  9:50  SCV  
  75  9:52  Combat Shields  
  83  10:00  SCV  
  83  10:07  Marauder, Marine x3  
  86  10:08  Marine  
  86  10:10  Siege Tank  
  86  10:13  Medivac  
  95  10:17  SCV x3  
  98  10:25  Marine  
  98  10:28  Marauder  
  101  10:29  SCV x3  
  104  10:39  Marine x3  
  104  10:42  Viking  
  109  10:50  Supply Depot x2  
  109  10:51  Supply Depot x2  
  109  11:01  Barracks  
  109  11:07  Barracks  
  109  11:08  Barracks  
  109  11:11  Viking, Marine x4  
  109  11:12  Marauder  
  117  11:29  Marine x3  
  120  11:33  Marauder  
  120  11:37  SCV  
  120  11:38  SCV  
  124  11:40  Supply Depot  
  124  11:42  Supply Depot, Terran Infantry Weapons Level 3  
  124  11:43  Terran Infantry Armor Level 3, Supply Depot  
  124  11:46  Concussive Shells  
  124  11:48  Terran Vehicle Weapons Level 1  
  124  11:49  Barracks Reactor  
  124  11:50  Missile Turret  
  124  11:53  Barracks Reactor  
  124  11:55  Barracks Tech Lab, Marauder  
  124  11:57  SCV x3  
  129  12:09  Viking x2, SCV  
  129  12:14  Siege Tank  
  137  12:16  Marauder, Marine x2  
  141  12:26  Missile Turret  
  141  12:30  Missile Turret  
  141  12:31  SCV x3  
  141  12:32  Missile Turret  
  144  12:43  SCV x2  
  146  12:44  Marine x4  
  146  12:45  Marine x5  
  146  12:47  Marauder  
  157  12:59  Siege Tank  
  157  13:01  Medivac x2  
  157  13:02  Marine  
  165  13:10  Supply Depot  
  165  13:11  Supply Depot  
  165  13:12  Supply Depot  
  165  13:15  Supply Depot  
  165  13:28  Command Center  
  165  13:31  Marine x5  
  170  13:42  Marine x5  
  175  13:49  Marine  
  176  13:56  Marine x3  
  176  13:57  Marine  
  176  13:59  Marine x2  
  176  14:00  Marauder x2  
  186  14:08  Marine x2  
  188  14:14  Marine x4  
  192  14:17  Marine  
  192  14:22  Marauder x2  
  197  14:43  Marauder  
  199  14:47  Marine  
  199  14:48  Marine x2  
  197  15:04  Marauder  
  163  15:23  Marine  
  163  15:24  Marine x7  
  163  15:25  Marine  
  163  15:26  Marauder  
  171  15:32  Viking  
  171  15:33  Viking  
  161  15:46  Orbital Command  
  161  15:54  Marine x5  
  166  16:02  Viking  
  166  16:03  Viking  
  170  16:06  Thor  
  176  16:32  Viking  
  176  16:33  Viking  
  176  16:38  Marine x7  
  176  16:39  Marine x3  
  179  16:56  Marine  
  179  16:57  Marauder x2  
Show
View Real Time Build Order
Export as new Build Order

capac Terran 

Build Orders: Liberator Opening 

Get SALT Encoding   

  12  0:00  SCV  
  13  0:12  SCV  
  14  0:18  Supply Depot  
  14  0:24  SCV  
  15  0:39  SCV  
  16  0:43  Barracks  
  16  0:51  Refinery  
  16  0:52  SCV  
  17  1:04  SCV  
  18  1:16  SCV  
  19  1:28  SCV  
  20  1:37  Command Center  
  20  1:40  Barracks Reactor  
  20  1:43  SCV  
  21  1:55  Orbital Command  
  21  2:03  Supply Depot  
  21  2:16  Factory  
  21  2:23  Refinery  
  21  2:25  Marine  
  21  2:27  Marine  
  23  2:34  SCV  
  24  2:45  Marine x2  
  24  2:51  SCV  
  27  2:53  Orbital Command  
  27  3:00  Factory Reactor  
  27  3:04  Starport  
  27  3:11  Marine x2  
  29  3:13  SCV  
  30  3:36  SCV x2  
  30  3:38  Liberator  
  30  3:39  Liberator  
  32  3:52  Supply Depot  
  32  3:53  SCV x2  
  40  4:05  SCV  
  40  4:06  Factory Tech Lab  
  40  4:09  Refinery  
  41  4:18  Engineering Bay  
  41  4:25  SCV x2  
  41  4:27  Siege Tank  
  46  4:44  Marine x2  
  48  4:53  Missile Turret  
  48  5:00  SCV  
  48  5:01  SCV  
  48  5:03  Liberator  
  48  5:04  Liberator  
  48  5:06  Siege Tank  
  50  5:17  SCV  
  54  5:28  Missile Turret  
  52  5:41  Marine x2, Missile Turret  
  54  5:53  Missile Turret  
  52  6:13  Marine x2  
  54  6:28  Missile Turret  
  54  6:40  Supply Depot  
  54  6:46  Missile Turret  
  54  6:57  Missile Turret  
  54  7:01  Marine x2  
  54  7:02  Siege Tank, SCV x2, Command Center  
  61  7:10  Bunker  
  61  7:14  Missile Turret, SCV  
  62  7:43  Supply Depot  
  62  7:45  Supply Depot  
  62  7:47  Liberator x2  
  62  8:05  SCV  
  69  8:07  Siege Tank  
  72  8:32  Liberator x2  
  69  8:52  Starport  
  69  8:53  Missile Turret  
  75  8:57  Siege Tank  
  75  8:58  Starport  
  78  9:31  Siege Tank  
  81  9:32  Starport Tech Lab  
  78  9:39  Starport Reactor, Fusion Core  
  78  9:52  Orbital Command  
  78  9:56  Refinery  
  78  10:08  Liberator x2, Missile Turret  
  78  10:14  Missile Turret  
  78  10:19  SCV  
  85  10:31  SCV  
  85  10:34  Battlecruiser  
  85  10:35  Starport  
  92  10:40  Liberator x2  
  92  10:47  SCV  
  93  10:54  Supply Depot  
  93  10:57  SCV  
  93  11:00  Supply Depot, SCV  
  101  11:07  Supply Depot  
  101  11:12  SCV  
  101  11:13  Starport Tech Lab  
  101  11:17  Weapon Refit  
  102  11:23  Armory  
  102  11:24  SCV  
  102  11:25  SCV x2  
  105  11:35  Refinery  
  105  11:37  SCV  
  105  11:38  Refinery  
  106  11:48  Battlecruiser  
  112  12:01  Supply Depot  
  112  12:04  Advanced Ballistics  
  112  12:13  Battlecruiser  
  118  12:26  Liberator x2, SCV x3  
  121  12:37  Supply Depot, Terran Ship Weapons Level 1  
  121  12:40  Supply Depot  
  121  12:42  Armory  
  127  13:07  Command Center  
  127  13:10  Supply Depot  
  130  13:13  Liberator  
  130  13:14  Liberator  
  130  13:16  Battlecruiser  
  139  13:41  SCV x3  
  142  13:44  Liberator  
  142  13:53  SCV  
  146  14:26  Battlecruiser  
  146  14:27  Liberator  
  152  14:42  Terran Vehicle And Ship Armor Level 1  
  84  15:33  Battlecruiser  
Tags
 
Add a new tag
Caveats
  • Supply blocks, unpowered buildings, or Contaminate may cause inaccurate times.
  • Supply counts are checked every 10 seconds.